 Dungeon Crawl Stone Soup version 0.31-a0-523-g071a6c1ffa (webtiles) character file.

Game seed: 8194817337161738158

14 Shayle the Changeling (level 2, 0/28 HPs)
             Began as an Ogre Shapeshifter on Aug 11, 2023.
             Slain by a kobold
             ... wielding a +0 dagger
              (1 damage)
             ... on level 1 of the Dungeon.
             The game lasted 00:01:11 (344 turns).

Shayle the Changeling (Ogre Shapeshifter)            Turns: 344, Time: 00:01:12

Health: 0/28       AC:  3    Str: 16 (18) XL:     2   Next: 41%
Magic:  2/3        EV:  9    Int:  6 (9)  God:
Gold:   17         SH:  0    Dex:  8 (9)  Spells: 2/2 levels left

rFire   . .          .
                       - Unarmed
rCold   . . .        (no shield)
rNeg    . . .        a - +0 animal skin
rPois   .            (helmet currently unavailable)
rElec   .            (cloak currently unavailable)
rCorr   .            (gloves unavailable)
SInv    .            (boots unavailable)
Will    .....        (no amulet)
Stlth   +            (no ring)
HPRegen 0.24/turn    (no ring)
MPRegen 0.08/turn

%: no passive effects
@: lethally poisoned (0 -> -4), beast-form
A: beast (slay +2), large, unfitting armour, tough skin 1
a: Begin Untransformation


You were on level 1 of the Dungeon.
You were a hulking beast.
You visited 1 branch of the dungeon, and saw 1 of its levels.

You collected 17 gold pieces.

Inventory:

Armour
 a - a +0 animal skin (worn)
Talismans
 c - a beast talisman (active)
 d - a flux talisman
Scrolls
 e - a scroll of identify {unknown}
 f - a scroll of teleportation {unknown}


   Skills:
 + Level 1.9 Fighting
 - Level 1.7 Dodging
 + Level 2.8 Unarmed Combat
 + Level 0.7 Spellcasting
 + Level 0.5 Necromancy
 + Level 0.5 Earth Magic
 - Level 3.0 Shapeshifting


You had 2 spell levels left.
You didn't know any spells.
Your spell library was empty.

Dungeon Overview and Level Annotations

Branches:
Dungeon (1/15)

Altars:


Innate Abilities, Weirdness & Mutations

You are a hulking beast.
Your limbs bulge with bestial killing power. (Slay +2)
You are too large for most types of armour.
You have tough skin. (AC +1)


Message History

You hit the goblin.
The goblin is moderately wounded.
You feel very sick.
The goblin hits you with a +2 dagger of venom.
You are lethally poisoned!
You punch the goblin!
You kill the goblin!
You feel very sick.
You feel very sick. The kobold closely misses you.
The frilled lizard closely misses you.
Things that are here:
a +2 dagger of venom; a goblin corpse; a rat corpse You hit the kobold.
The kobold is severely wounded.
* * * LOW HITPOINT WARNING * * *
You feel very sick. The kobold hits you but does no damage.
The frilled lizard barely misses you.
Unknown command.
It was a potion of degeneration.
There was something very wrong with that liquid.
You feel weakened.
You feel dopey.
You feel clumsy.
* * * LOW HITPOINT WARNING * * *
You feel sick. The kobold hits you with a +0 dagger.
* * * LOW HITPOINT WARNING * * *
The frilled lizard closely misses you.
You hit the frilled lizard.
You kill the frilled lizard!
* * * LOW HITPOINT WARNING * * *
You feel sick. The kobold hits you but does no damage.
Unknown command.
You closely miss the kobold.
The kobold is moderately wounded.
* * * LOW HITPOINT WARNING * * *
You feel sick. The kobold closely misses you.
Unknown command.
You barely miss the kobold.
The kobold is moderately wounded.
* * * LOW HITPOINT WARNING * * *
You feel sick. The kobold hits you with a +0 dagger.
You die...

### ### ###
####8###8###8#####
#.............Kh†#
##.............†#.########
................#........#
...l#8###8###8####.......#
....########### #.......#
#### ....
#.>....####.......#####...
.?..
######...............##(..
.... ######.......##..#...
#### #.......###)....


You could see a kobold.

Vanquished Creatures
  A bat (D:1)
  3 endoplasms (D:1)
  3 goblins (D:1)
  A hobgoblin (D:1)
  A quokka (D:1)
  A frilled lizard (D:1)
  2 rats (D:1)
12 creatures vanquished.

Notes
Turn   | Place    | Note
-------+----------+-------------------------------------------
     0 | D:1      | Shayle the Ogre Shapeshifter began the quest for the Orb.
     0 | D:1      | Reached XP level 1. HP: 19/19 MP: 1/1
    57 | D:1      | HP: 1/28 [goblin/+0 dagger (1)]
   247 | D:1      | Reached XP level 2. HP: 22/28 MP: 2/2
   344 | D:1      | HP: 1/28 [poisoned by a goblin]
   344 | D:1      | Slain by a kobold

Illustrated notes

Levels and vault maps discovered:
D:1:      wander_arrival_lonely_grave, layout_rooms, serial_shops, shop,
          serial_corexii_hall, chequers_hall_statues_y, corexii_hall_statues_i,
          chequers_serial_rivers_large_a

Action                     || total
---------------------------++-------
  Melee: Unarmed           ||    47
    Use: Potion            ||     2
 Armour: Animal skin       ||    19
         Skin              ||     1
  Dodge: Dodged            ||    28

Table legend: (Time is in decaauts)
 A = Elapsed time spent in this place.
 B = Non-inter-level travel time spent in this place.
 C = Inter-level travel time spent in this place.
 D = Time resting spent in this place.
 E = Time spent auto-exploring this place.
 F = Levels seen in this place.
 G = Mean time per level.
                   A        B        C        D        E       F      G
               +--------+--------+--------+--------+--------+-----+--------+
         Total |    341 |    341 |      0 |     83 |    162 |   1 |  341.0 |
       Dungeon |    341 |    341 |      0 |     83 |    162 |   1 |  341.0 |
               +--------+--------+--------+--------+--------+-----+--------+

Top non-repeatable levels by time:
     D:1: 341 daAuts
